 Dungeon Crawl Stone Soup version 0.28.0-43-g3370ac3207 (webtiles) character file.

Game seed: 5477816197928177416

28 ZappyNine the Grave Robber (level 2, 0/15 HPs)
             Began as a Deep Elf Necromancer on Mar 13, 2022.
             Succumbed to an adder's poison
             ... on level 2 of the Dungeon.
             The game lasted 00:02:03 (1602 turns).

ZappyNine the Grave Robber (Deep Elf Necromancer)   Turns: 1602, Time: 00:02:04

Health: 0/15       AC:  2    Str:  5    XL:     2   Next: 96%
Magic:  13/17      EV: 13    Int: 19    God:
Gold:   91         SH:  0    Dex: 15    Spells: 7/8 levels left

rFire   . . .      SeeInvis .   e - +0 dagger
rCold   . . .      Faith    .   (no shield)
rNeg    . . .      Spirit   .   a - +0 robe
rPois   .          Reflect  .   (no helmet)
rElec   .          Harm     .   (no cloak)
rCorr   .          Rampage  .   (no gloves)
Will    .....                   (no boots)
Stlth   ++........              (no amulet)
HPRegen 0.05/turn               i - ring of magical power
MPRegen 0.15/turn               (no ring)

@: lethally poisoned (0 -> -9)
A: no striking features
a: no special abilities


You were on level 2 of the Dungeon.
You visited 1 branch of the dungeon, and saw 2 of its levels.

You collected 91 gold pieces.

Inventory:

Hand Weapons
 e - a +0 dagger (weapon)
Armour
 a - a +0 robe (worn)
Jewellery
 i - a ring of magical power (left hand)
Wands
 g - a wand of charming (8)
Scrolls
 c - a scroll of silence {unknown}
 d - a scroll of vulnerability {unknown}
 h - a scroll of immolation {unknown}
Potions
 b - a potion of berserk rage {unknown}
 f - a potion of haste {unknown}


   Skills:
 - Level 2.9 Dodging
 - Level 3.0 Stealth
 + Level 3.6 Spellcasting
 + Level 5.2 Necromancy


You had 7 spell levels left.
You knew the following spells:

 Your Spells              Type           Power      Damage    Failure   Level
a - Pain                  Necr           92%        1d8       1%          1

Your spell library contained the following spells:

 Spells                   Type           Power      Damage    Failure   Level
 Animate Skeleton         Necr           46%        N/A       1%          1
 Vampiric Draining        Necr           23%        2d7       4%          3
 Animate Dead             Necr           11%        N/A       17%         4
 Agony                    Necr           23%        N/A       43%         5


Dungeon Overview and Level Annotations

Branches:
Dungeon (2/15)

Altars:


Message History

Aim: a frilled lizard (asleep, chance to affect: 91%)
The frilled lizard hisses angrily.
The frilled lizard writhes in agony!
You kill the frilled lizard!
An adder comes into view.
An adder is nearby!
An adder is nearby!
An adder is nearby!
Casting: Pain (safe; 1% risk of failure)
Confirm with . or Enter, or press ? or * to list all spells.
Aiming: Pain (safe; 1% risk of failure)
Press: ? - help, Shift-Dir - straight line, f - adder
Aim: an adder (asleep, chance to affect: 87%)
The adder hisses angrily.
The adder writhes in agony.
The adder barely misses you.
Casting: Pain (safe; 1% risk of failure)
Confirm with . or Enter, or press ? or * to list all spells.
Aiming: Pain (safe; 1% risk of failure)
Press: ? - help, Shift-Dir - straight line, f/p - adder
Aim: an adder (lightly wounded, chance to affect: 87%)
The adder writhes in agony.
The adder bites you.
You are poisoned.
The adder poisons you!
Casting: Pain (safe; 1% risk of failure)
Confirm with . or Enter, or press ? or * to list all spells.
Aiming: Pain (safe; 1% risk of failure)
Press: ? - help, Shift-Dir - straight line, f/p - adder
Aim: an adder (heavily wounded, chance to affect: 87%)
The adder writhes in agony.
You feel sick. The adder bites you.
* * * LOW HITPOINT WARNING * * *
You are more poisoned.
The adder poisons you!
Casting: Pain (safe; 1% risk of failure)
Confirm with . or Enter, or press ? or * to list all spells.
Aiming: Pain (safe; 1% risk of failure)
Press: ? - help, Shift-Dir - straight line, f/p - adder
Aim: an adder (severely wounded, chance to affect: 87%)
The adder writhes in agony.
You kill the adder!
You die...

.. .# .# ### .# ..#
.# ..#.# .#
#.#.##########.#
#.#.##.......@.#
####.#.##.#######†#
<..#.#.##.# .#
##.#.#.##.#####...#
..<#.#.............
#..................
#....####.######..##
........†.# .#
#...#####.#


There were no monsters in sight!

Vanquished Creatures
  An adder (D:2)
  3 ball pythons
  5 bats (D:1)
  3 endoplasms (D:1)
  A giant cockroach (D:1)
  2 hobgoblins (D:1)
  2 jackals (D:1)
  A kobold (D:1)
  3 frilled lizards
  4 rats
25 creatures vanquished.

Notes
Turn   | Place    | Note
-------+----------+-------------------------------------------
     0 | D:1      | ZappyNine the Deep Elf Necromancer began the quest for the
                  | Orb.
     0 | D:1      | Reached XP level 1. HP: 10/10 MP: 6/6
   406 | D:1      | Reached skill level 5 in Necromancy
   517 | D:1      | Reached XP level 2. HP: 14/15 MP: 6/8
   675 | D:1      | Found a faded altar of an unknown god.
  1602 | D:2      | Succumbed to an adder's poison

Illustrated notes

Levels and vault maps discovered:
D:1:      eino_arrival_water_cross, layout_basic,
          hellmonk_ecumenical_altar_lost_god, minmay_indecisive_spiral
D:2:      layout_loops_ring, hangedman_decor_push, uniq_terence, uniq_robin

Skill      XL: |  1  2 |
---------------+-------+-----
Necromancy     | 5 |  5.2
Stealth        | 3 |  3.0
Dodging        | |  2.9
Spellcasting   | |  3.6

Action                   || total
-------------------------++-------
Melee: Unarmed           ||     5
       Dagger            ||    13
 Cast: Pain              ||    36
Armor: Robe              ||     5
Dodge: Dodged            ||    14
